 Dungeon Crawl Stone Soup version 0.31.0-2-g5a2aebc5c2 (webtiles) character file.

Game seed: 3241875228395433890

37 Legs the Cudgeller (level 3, 0/33 HPs)
             Began as a Minotaur Berserker on Jan 21, 2024.
             Was a Follower of Trog.
             Slain by Sigmund
             ... wielding a +0 scythe
              (5 damage)
             ... on level 2 of the Dungeon.
             The game lasted 00:06:23 (1226 turns).

Legs the Cudgeller (Minotaur Berserker)             Turns: 1226, Time: 00:06:23

Health: 0/33       AC:  8    Str: 23    XL:     3   Next: 23%
Magic:  2/2        EV:  9    Int:  4    God:    Trog [*.....]
Gold:   46         SH:  0    Dex:  9    Spells: 2/2 levels left

rFire   . . .        a - +0 mace
rCold   . . .        (no shield)
rNeg    . . .        b - +0 chain mail
rPois   .            (helmet restricted)
rElec   .            (no cloak)
rCorr   .            (no gloves)
SInv    .            (no boots)
Will    .....        (no amulet) Stlth
                     (no ring)
HPRegen 0.25/turn    (no ring)
MPRegen 0.08/turn

%: no passive effects
@: no status effects
A: horns 2, retaliatory headbutt
a: Renounce Religion, Berserk


You were on level 2 of the Dungeon.
You worshipped Trog.
Trog was aware of your devotion.
You visited 1 branch of the dungeon, and saw 2 of its levels.

You collected 46 gold pieces.

Inventory:

Hand Weapons
 a - a +0 mace (weapon)
Missiles
 i - 2 poisoned darts (quivered)
Armour
 b - a +0 chain mail (worn)
Scrolls
 c - a scroll of brand weapon {unknown}
 d - a scroll of summoning {unknown}
 f - a scroll of identify {unknown}
 g - a scroll of enchant weapon {unknown}
Potions
 e - a potion of magic {unknown}


   Skills:
 + Level 4.2 Fighting
 + Level 4.5 Maces & Flails
 + Level 2.6 Armour
 + Level 2.4 Dodging


You had 2 spell levels left.
You didn't know any spells.
Your spell library was empty.

Dungeon Overview and Level Annotations

Branches:
Dungeon (2/15)

Altars:

Shops:
D:2 [

Annotations:
D:2 Sigmund


Innate Abilities, Weirdness & Mutations

You have a pair of horns on your head.
You reflexively headbutt those who attack you in melee.


Message History

You are frozen.
Sigmund zaps a wand.
The puff of flame misses you.
You hit the endoplasm.
The endoplasm is lightly wounded.
The endoplasm closely misses you. Sigmund hits you but does no damage.
The endoplasm freezes you.
You are frozen.
Okay, then.
Sigmund casts a spell.
Sigmund flickers and vanishes!
Deactivating autopickup; reactivate with Ctrl-A.
The endoplasm attacks as it pursues you!
The endoplasm hits you but does no damage.
A rat comes into view.
The rat squeaks loudly.
The endoplasm attacks as it pursues you!
The endoplasm closely misses you.
The rat moves out of view.
The endoplasm attacks as it pursues you!
The endoplasm hits you.
You hit the endoplasm but do no damage.
The endoplasm is lightly wounded.
The endoplasm hits you. Something hits you!
You sock the endoplasm!
You kill the endoplasm!
Trog accepts your kill.
An adder comes into view.
The adder hisses angrily.
A puff of flame appears from out of thin air!
The puff of flame hits you.
You hear some strange, mumbled words.
A puff of flame appears from out of thin air!
The puff of flame hits you.
* * * LOW HITPOINT WARNING * * *
You hear a zap.
A puff of flame appears from out of thin air!
The puff of flame hits you.
* * * LOW HITPOINT WARNING * * *
You hit something. Your headbutt misses something. Something hits you.
* * * LOW HITPOINT WARNING * * *
You sock something! Something hits you.
You die...

#############.# #.............#
#.###########.# #.##.......##.#
#.##.#........# #.##.#.###.####
#. ..... #.##.#.....######.
.... #.##.#............ . @.J
#@##.#..........#. .. ..
#{##.#.##.......#. .#.#
#.#######r##.#.##.......#.
.....#.#....#.S...........####.
...............####.........†..
........<.†...........#...#####
##.#.#.#.##.#..#......###.# ##
.....#.##.#..#..#.#.# #.# #.
..#..................# #.# #.


You could see an adder and a rat.

Vanquished Creatures
  An adder (D:2)
  A dart slug (D:1)
  3 endoplasms
  2 goblins
  3 hobgoblins
  A quokka (D:2)
  6 ball pythons
  4 bats (D:1)
  2 kobolds
  2 rats (D:1)
25 creatures vanquished.

Notes
Turn   | Place    | Note
-------+----------+-------------------------------------------
     0 | D:1      | Legs the Minotaur Berserker began the quest for the Orb.
     0 | D:1      | Reached XP level 1. HP: 19/19 MP: 0/0
   148 | D:1      | Reached XP level 2. HP: 27/27 MP: 1/1
   866 | D:2      | Found Ajiep's Armour Shop.
   985 | D:2      | Reached XP level 3. HP: 21/33 MP: 2/2
  1201 | D:2      | Noticed Sigmund
  1226 | D:2      | Slain by Sigmund

Illustrated notes

Levels and vault maps discovered:
D:1:      wander_arrival_fairy_ring, layout_basic, minivault_5
D:2:      wander_river, layout_basic, serial_shops,
          nicolae_shop_temple_entry_statues_fountains, uniq_sigmund

Skill      XL: |  1  2 |
---------------+-------+-----
Maces & Flails | 4 |  4.5
Fighting       | 4 |  4.2
Armour         | |  2.6
Dodging        | |  2.4

Action                     || total
---------------------------++-------
  Melee: Mace              ||    53
         Headbutt          ||     4
         Punch             ||     2
 Armour: Animal skin       ||    20
         Chain mail        ||    21
         Ring mail         ||     7
  Dodge: Dodged            ||    52
